 Dungeon Crawl Stone Soup version 0.29.1-4-g47bece8355 (webtiles) character file.

Game seed: 14487999901929019969

229 fleeber the Shooter (level 6, 0/45 (51) HPs)
             Began as a Barachi Hunter on Dec 5, 2022.
             Slain by a wight
             ... wielding a +0 halberd
              (2 damage)
             ... on level 3 of the Dungeon.
             The game lasted 00:05:16 (2478 turns).

fleeber the Shooter (Barachi Hunter)                Turns: 2478, Time: 00:05:17

HP:   0/45 (51)     AC:  6    Str: 12    XL:     6   Next: 3%
MP:   6/6           EV:  9    Int:  9    God:
Gold: 119           SH:  0    Dex: 18    Spells: 5/5 levels left

rFire   + . .      SeeInvis .   a - +0 shortbow
rCold   . . .      Faith    .   (shield currently unavailable)
rNeg    . . .      Spirit   .   o - +0 scale mail
rPois   .          Reflect  .   (no helmet)
rElec   .          Harm     .   (no cloak)
rCorr   .          Rampage  .   (no gloves)
Will    .....                   (no boots)
Stlth   ..........              (no amulet)
HPRegen 0.15/turn               m - ring of protection from fire
MPRegen 0.10/turn               (no ring)

@: unable to hop, heavily drained, slow
A: amphibious, slowness 1, strong legs 1, +LOS
a: Hop


You were on level 3 of the Dungeon.
You visited 1 branch of the dungeon, and saw 3 of its levels.

You collected 119 gold pieces.

Inventory:

Hand Weapons
 a - a +0 shortbow (weapon)
Armour
 o - a +0 scale mail (worn)
Jewellery
 m - a ring of protection from fire (left hand)
Scrolls
 b - a scroll of immolation
 d - 2 scrolls of teleportation {unknown}
 f - a scroll of noise {unknown}
 g - 3 scrolls of identify {unknown}
 h - a scroll of enchant armour {unknown}
 k - a scroll of butterflies {unknown}
 n - a scroll of magic mapping {unknown}
Potions
 c - a potion of flight {unknown}
 e - 2 potions of haste {unknown}
 i - a potion of berserk rage {unknown}
 j - a potion of magic {unknown}
 l - a potion of might {unknown}


   Skills:
 + Level 5.4 Fighting
 + Level 5.7 Ranged Weapons
 - Level 2.1 Dodging
 - Level 0.8 Stealth


You had 5 spell levels left.
You didn't know any spells.
Your spell library contained the following spells:

 Spells                   Type           Power      Damage    Failure   Level
 Shock                    Conj/Air       0%         1d3       92%         1
 Ozocubu's Armour         Ice            0%         N/A       100%        3
 Swiftness                Air            0%         N/A       100%        3
 Airstrike                Air            0%         2d(0-16)  100%        4
 Ozocubu's Refrigeration  Ice            0%         4d7       100%        7


Dungeon Overview and Level Annotations

Branches:
Dungeon (3/15)

Altars:
Sif Muna


Innate Abilities, Weirdness & Mutations

You are amphibious.
You cover ground slowly.
You can hop short distances.
You have an extended range of vision and can be seen from far away.


Message History

You are too injured to fight recklessly!
Fire: a) +0 shortbow
Press: ? - help, Q - select action, (/) - cycle Shift-Dir - straight line, f/p - wight
Aim: a wight, wielding a +0 halberd and wearing a +0 robe (almost destroyed, 65% to hit)
You shoot an arrow. The arrow barely misses the wight.
The wight completely misses you. The wight barely misses you.
Fire: a) +0 shortbow
Press: ? - help, Q - select action, (/) - cycle Shift-Dir - straight line, f/p - wight
Aim: a wight, wielding a +0 halberd and wearing a +0 robe (almost destroyed, 65% to hit)
You shoot an arrow.
The arrow hits the wight but does no damage.
The wight is almost destroyed.
The wight closely misses you.
Fire: a) +0 shortbow
Press: ? - help, Q - select action, (/) - cycle Shift-Dir - straight line, f/p - wight
Aim: a wight, wielding a +0 halberd and wearing a +0 robe (almost destroyed, 65% to hit)
You shoot an arrow.
The arrow hits the wight but does no damage.
The wight is almost destroyed.
The wight hits you from afar with a +0 halberd!
You feel drained.
* * * LOW HITPOINT WARNING * * *
The wight hits you from afar with a +0 halberd.
* * * LOW HITPOINT WARNING * * *
Hop to where?
Press: ? - help, Dir - move target, p - wight Boing!
Fire: a) +0 shortbow
Press: ? - help, Q - select action, (/) - cycle Shift-Dir - straight line, f - wight
Aim: a wight, wielding a +0 halberd and wearing a +0 robe (almost destroyed, 65% to hit)
You shoot an arrow. The arrow barely misses the wight.
The wight closely misses you.
Fire: a) +0 shortbow
Press: ? - help, Q - select action, (/) - cycle Shift-Dir - straight line, f/p - wight
Aim: a wight, wielding a +0 halberd and wearing a +0 robe (almost destroyed, 65% to hit)
You shoot an arrow. The arrow closely misses the wight.
The wight hits you from afar with a +0 halberd!
* * * LOW HITPOINT WARNING * * *
You feel drained.
You die...

...###############
...# #...........#
...###.#########.#
...#.....# #.#
...#.##### #.#
...#.####### #.#
#.)).......# #.#
#.#<.#####.# #.#
#.#+### #. ####@##
......# #. #.z...#
......# #. #.##.##
......# #z #.##.#
......# #. #z####
......# #z##.#
......# #....#
......# ######
....###########


You could see a wight.

Vanquished Creatures
  3 wights (D:3)
  An adder (D:2)
  2 worms
  3 dart slugs
  4 ball pythons
  3 endoplasms
  3 giant cockroaches
  4 hobgoblins
  2 jackals (D:3)
  2 quokkas (D:1)
  5 bats
  3 frilled lizards
  3 goblins
  10 kobolds
  5 rats
53 creatures vanquished.

Notes
Turn   | Place    | Note
-------+----------+-------------------------------------------
     0 | D:1      | fleeber the Barachi Hunter began the quest for the Orb.
     0 | D:1      | Reached XP level 1. HP: 17/17 MP: 1/1
    58 | D:1      | Found a faded altar of an unknown god.
   105 | D:1      | Reached XP level 2. HP: 23/23 MP: 2/2
   477 | D:1      | Reached XP level 3. HP: 29/29 MP: 3/3
  1369 | D:2      | Reached XP level 4. HP: 37/37 MP: 4/4
  1555 | D:3      | Reached skill level 5 in Ranged Weapons
  1555 | D:3      | Reached XP level 5. HP: 30/43 MP: 5/5
  1841 | D:3      | Reached skill level 5 in Fighting
  2158 | D:3      | Found a shimmering blue altar of Sif Muna.
  2194 | D:3      | Reached XP level 6. HP: 42/49 MP: 6/6
  2478 | D:3      | HP: 2/47 [wight/+0 halberd (8)]
  2478 | D:3      | Slain by a wight

Illustrated notes

Levels and vault maps discovered:
D:1:      dpeg_arrival_radiant, layout_loops_ring,
          ebering_ecumenical_altar_petrified
D:2:      minmay_inner_zag, layout_basic
D:3:      layout_basic, kennysheep_ying_yang, lemuel_round_altar

Skill      XL: |  1  2  3  4  5 |
---------------+----------------+-----
Fighting       | 3 4 5 |  5.4
Ranged Weapons | 5 |  5.7
Dodging        | |  2.1
Stealth        | |  0.8

Action                   |  1- 3 |  4- 6 || total
-------------------------+-------+-------++-------
 Fire: Shortbow          |   101 |    57 ||   158
 Abil: Hop               |       |     2 ||     2
Armor: Leather armour    |     4 |       ||     4
       Scale mail        |       |     8 ||     8
Dodge: Dodged            |    21 |    28 ||    49
